 Dungeon Crawl Stone Soup version 0.31-a0-204-g7da18cac08 (webtiles) character file.

Game seed: 5858737162227851066

35154 qw the Markself (level 13, -3/82 HPs)
             Began as a Deep Elf Hunter on June 27, 2023.
             Was an Elder of Okawaru.
             Slain by a komodo dragon (20 damage)
             ... on level 3 of the Lair of Beasts.
             The game lasted 00:07:46 (11994 turns).

qw the Markself (Deep Elf Hunter)                  Turns: 11994, Time: 00:07:47

Health: -3/82      AC: 19    Str: 12    XL:     13   Next: 46%
Magic:  22/22      EV: 24    Int: 16    God:    Okawaru [****..]
Gold:   659        SH:  0    Dex: 22    Spells: 12/12 levels left

rFire   . . .        Y - +1 orcbow (freeze)
rCold   . . .        (shield currently unavailable)
rNeg    . . .        i - +0 ring mail
rPois   .            c - +2 helmet
rElec   .            (no cloak)
rCorr   .            h - +2 pair of gloves
SInv    +            o - +0 pair of boots {rampage}
Will    ++...        b - amulet of the Hammering Gods {Will+ Regen+ Dex+4}
Stlth   +++          l - +4 ring of protection
HPRegen 1.13/turn    e - ring of see invisible
MPRegen 0.18/turn

%: rampage
@: heroic
A: no striking features
a: Renounce Religion, Heroism, Finesse


You were on level 3 of the Lair of Beasts.
You worshipped Okawaru.
Okawaru was greatly pleased with you.
You visited 3 branches of the dungeon, and saw 15 of its levels.

You collected 1263 gold pieces.
You spent 604 gold pieces at shops.


   Skills:
 - Level 10.0(15.0) Fighting
 - Level 16.2(21.2) Ranged Weapons
 - Level 5.0(10.0) Armour
 + Level 14.9(19.9) Dodging
 - Level 1.2(6.2) Stealth
 - Level 10.0 Invocations


You had 12 spell levels left.
You didn't know any spells.
Your spell library was empty.

Inventory:

Hand Weapons
 Y - a +1 orcbow of freezing (weapon)
Armour
 c - a +2 helmet (worn)
 h - a +2 pair of gloves (worn)
 i - a +0 ring mail (worn)
 o - a +0 pair of boots of rampaging (worn)
Jewellery
 b - the amulet of the Hammering Gods (around neck) {Will+ Regen+ Dex+4}
   (You found it on level 3 of the Dungeon)

   [amulet of regeneration]

   Dex:       It affects your dexterity (+4).
   Regen:     It increases your rate of health regeneration.
   Will:      It increases your willpower.
 d - a +6 ring of intelligence
 e - a ring of see invisible (right hand)
 l - a +4 ring of protection (left hand)
Scrolls
 k - 11 scrolls of identify
Potions
 a - 2 potions of mutation
 f - 3 potions of might
 g - 8 potions of curing
 j - 4 potions of haste
 m - a potion of resistance
 q - 2 potions of enlightenment

Dungeon Overview and Level Annotations

Branches:
Dungeon (10/15)            Temple (1/1) D:4            Lair (4/5) D:10
  Swamp (0/4) Lair:2       Spider (0/4) Lair:2          Orc (0/2) D:9
  Slime: Lair:4-5

Altars:
Ashenzari
Cheibriados
Dithmenos
Elyvilon
Fedhas
Gozag
Hepliaklqana
Kikubaaqudgha
Makhleb
Nemelex Xobeh
Okawaru
Qazlal
Ru
Sif Muna
Trog
Uskayaw
Vehumet
Wu Jian
Xom
Yredelemnul
Zin
The Shining One

Shops:
D:4 **[*   D:7 ?[?   D:8 (   D:9 !

Annotations:
D:10 exclusion: 18 tengu warriors


Message History

The komodo dragon is lightly wounded.
The bullfrog completely misses you.
The komodo dragon completely misses you.
You shoot an arrow.
The arrow closely misses the komodo dragon.
The komodo dragon barely misses you.
The komodo dragon completely misses you.
You shoot an arrow.
The arrow hits the komodo dragon but does no damage.
The komodo dragon is lightly wounded.
The komodo dragon is no longer moving slowly.
The bullfrog closely misses you.
A blink frog comes into view.
The bullfrog closely misses you. The blink frog barely misses you.
The komodo dragon misses you.
You shoot an arrow. The blink frog croaks.
The arrow hits the komodo dragon!
The komodo dragon seems to slow down.
The arrow freezes the komodo dragon.
The komodo dragon is severely wounded.
You hear an angry hiss.
The bullfrog misses you.
A rime drake comes into view.
The komodo dragon bites you but does no damage.
The blink frog blinks!
You shoot an arrow.
The arrow barely misses the komodo dragon.
The komodo dragon misses you. The bullfrog barely misses you.
The rime drake breathes ice at you. The icy flash freeze misses you.
You shoot an arrow.
The arrow barely misses the komodo dragon.
The bullfrog hits you but does no damage.
The komodo dragon bites you! The komodo dragon misses you.
You shoot an arrow. The arrow hits the komodo dragon.
The komodo dragon seems to slow down.
The arrow freezes the komodo dragon.
The komodo dragon is severely wounded.
The bullfrog completely misses you. The blink frog misses you.
The komodo dragon bites you!!
You die...

#..### #.####.
....##########.#.<. .
....#.##.......... ..
#............##.. ...
#####...#.......#...
....#......##.....##.#..
....l.......###...######
.k..F.ll......##..#
..777F@F777..##..# #7.7#
#7.....# 7.7 7.....# 7.7
7.....# ... 7..>...# !..
7.......# 7... 77.......
#7.7# #7.....#.
7.....#..


You could see 3 komodo dragons, 2 blink frogs, a rime drake (catching breath)
and a bullfrog.

Vanquished Creatures
  Gastronok (D:8)
  Fannar (D:10)
  4 hydras (Lair:3)
  A catoblepas (Lair:2)
  A centaur warrior (D:10)
  2 two-headed ogres
  A boulder beetle (D:10)
  A tengu warrior (D:10)
  Nergalle (Lair:1)
  Lodul (D:10)
  Pikel (D:6)
  A deep elf pyromancer (D:10)
  A cyclops (D:10)
  A manticore (D:10)
  Joseph (D:8)
  5 torpor snails (Lair:1)
  4 black mambas (Lair:3)
  9 cane toads
  8 komodo dragons
  Maggie (D:8)
  A rime drake (Lair:3)
  A troll (D:9)
  4 polar bears
  A hornet (D:10)
  2 tyrant leeches (Lair:2)
  7 blink frogs
  3 culicivoras (Lair:2)
  3 wyverns
  32 yaks
  3 basilisks
  2 steam dragons
  4 vampire mosquitoes (D:10)
  A swamp worm (Lair:2)
  An acid dragon (D:10)
  9 water moccasins
  3 black bears
  2 orc warriors
  12 ogres
  14 wolves
  2 centaurs
  3 lemures
  A phantom (D:6)
  2 kobold brigands
  13 bullfrogs
  A gnoll sergeant (D:8)
  3 scorpions
  19 wights
  A howler monkey (D:6)
  4 electric eels
  A crimson imp (D:9)
  5 orc priests
  4 hounds
  A jelly (D:7)
  A gnoll bouda (D:7)
  2 iguanas
  3 orc wizards
  A centaur simulacrum (D:8)
  A killer bee simulacrum (D:8)
  10 gnolls
  6 adders
  A shadow imp (D:6)
  4 white imps (D:8)
  3 ufetubi
  A worm (D:2)
  2 dart slugs
  11 orcs
  7 ball pythons
  10 endoplasms
  A giant cockroach (D:1)
  12 goblins
  6 hobgoblins
  8 jackals
  12 kobolds
  5 quokkas
  6 bats
  2 frilled lizards
  9 rats
335 creatures vanquished.

Notes
Turn   | Place    | Note
-------+----------+-------------------------------------------
     0 | D:1      | qw the Deep Elf Hunter began the quest for the Orb.
     0 | D:1      | Reached XP level 1. HP: 12/12 MP: 3/3
     0 | D:1      | 0 ||| qw: Version: 0.3-a-22-g0ed2b0b
     0 | D:1      | 0 ||| qw: Game counter: 6402
     0 | D:1      | 0 ||| qw: Melee chars always use a shield: true
     0 | D:1      | 0 ||| qw: God list: Okawaru
     0 | D:1      | 0 ||| qw: Allow faded altars: false
     0 | D:1      | 0 ||| qw: Do Orc after clearing Dungeon:15 true
     0 | D:1      | 0 ||| qw: Do second Lair branch before Depths: true
     0 | D:1      | 0 ||| qw: Lair rune preference: random
     0 | D:1      | 0 ||| qw: Goals: Normal
     0 | D:1      | 0 ||| PLANNING D:1-11
    76 | D:1      | HP: 3/12 [frozen (4)]
    79 | D:1      | Reached skill level 6 in Ranged Weapons
    79 | D:1      | Reached XP level 2. HP: 3/16 MP: 4/4
   488 | D:1      | Reached XP level 3. HP: 20/20 MP: 5/5
   775 | D:1      | 775 ||| UPGRADING to +1 pair of gloves.
   780 | D:1      | 780 ||| READING scroll labelled JUNAPN YKUCADY.
   781 | D:1      | 781 ||| READING scroll labelled MUTEZIRATY.
   817 | D:1      | 817 ||| READING scroll labelled LUXULI YRIAW.
   818 | D:1      | 818 ||| READING scroll labelled TAERASI RAOKE.
   821 | D:1      | 821 ||| DROPPING scroll of butterflies.
   898 | D:2      | Reached skill level 7 in Ranged Weapons
  1148 | D:2      | Found a white marble altar of Elyvilon.
  1686 | D:2      | 1686 ||| READING scroll labelled GEQECI ADEA.
  1730 | D:3      | Reached XP level 4. HP: 25/25 MP: 6/6
  1747 | D:3      | Identified the amulet of the Hammering Gods {Will+ Regen+
                  | Dex+4}
  1822 | D:3      | Found a white marble altar of Elyvilon.
  2432 | D:3      | 2432 ||| UPGRADING to +0 ring mail.
  2442 | D:3      | 2442 ||| DROPPING +0 leather armour.
  2443 | D:3      | 2443 ||| UPGRADING to amulet of the Hammering Gods {Will+
                  | Regen+ Dex+4}.
  2448 | D:3      | 2448 ||| UPGRADING to +4 ring of protection.
  2449 | D:3      | 2449 ||| READING scroll labelled REC ANO ZIZAU.
  2450 | D:3      | 2450 ||| READING scroll labelled EZAUNE VOITTI.
  2451 | D:3      | 2451 ||| DRINKING 2 bubbling puce potions.
  2480 | D:3      | 2480 ||| DRINKING 2 sedimented cyan potions.
  2481 | D:3      | 2481 ||| DROPPING potion of lignification.
  2493 | D:4      | Found Dyguhy's Antique Armour Shoppe.
  2502 | D:4      | 2502 ||| BUYING glowing helmet (187 gold).
  2502 | D:4      | Bought a glowing helmet for 187 gold pieces
  2502 | D:4      | 2502 ||| SHOPLISTING pair of glowing boots (187 gold, have
                  | 6).
  2502 | D:4      | 2502 ||| SHOPLISTING runed ring mail (175 gold, have 6).
  2577 | D:4      | Found Mosiod's Assorted Antiques.
  2584 | D:4      | 2584 ||| SHOPLISTING 2 dark potions (48 gold, have 11).
  2584 | D:4      | 2584 ||| SHOPLISTING scroll of enchant weapon (202 gold,
                  | have 11).
  2584 | D:4      | 2584 ||| SHOPLISTING scroll of identify (54 gold, have 11).
  2617 | D:4      | Noticed a black bear
  2622 | D:4      | Reached skill level 8 in Ranged Weapons
  2625 | D:4      | Killed a black bear
  2626 | D:4      | Reached skill level 9 in Ranged Weapons
  2626 | D:4      | Reached XP level 5. HP: 25/29 MP: 7/7
  2639 | D:4      | Found Vics's Assorted Antiques.
  2647 | D:4      | 2647 ||| SHOPLISTING embroidered robe (99 gold, have 11).
  2647 | D:4      | 2647 ||| SHOPLISTING scroll labelled FEMICR OPRYCLA (27
                  | gold, have 11).
  2647 | D:4      | 2647 ||| SHOPLISTING scroll labelled VEYWKY MITH (27 gold,
                  | have 11).
  2647 | D:4      | 2647 ||| SHOPLISTING scroll of identify (54 gold, have 11).
  2689 | D:4      | Reached skill level 3 in Dodging
  2689 | D:4      | Reached XP level 6. HP: 34/34 MP: 8/8
  2945 | D:4      | Found a staircase to the Ecumenical Temple.
  2946 | D:4      | 2946 ||| PLANNING TEMPLE
  2946 | D:4      | 2946 ||| UPGRADING to +1 helmet.
  2956 | Temple   | Entered the Ecumenical Temple
  2990 | Temple   | 2990 ||| PLANNING OKAWARU WORSHIP
  3118 | Temple   | Became a worshipper of Warmaster Okawaru
  3119 | Temple   | 3119 ||| PLANNING D:1-11
  3135 | D:4      | Found Itab's Assorted Antiques.
  3147 | D:4      | Reached skill level 1 in Armour
  3161 | D:4      | 3161 ||| SHOPLISTING dark potion (28 gold, have 27).
  3161 | D:4      | 3161 ||| SHOPLISTING glowing orange potion (28 gold, have
                  | 27).
  3161 | D:4      | 3161 ||| SHOPLISTING runed robe (118 gold, have 27).
  3161 | D:4      | 3161 ||| SHOPLISTING scroll of identify (64 gold, have 27).
  3161 | D:4      | 3161 ||| SHOPLISTING scroll of teleportation (96 gold, have
                  | 27).
  3425 | D:4      | 3425 ||| DROPPING amulet of magic regeneration.
  3426 | D:4      | 3426 ||| DRINKING 2 smoky brown potions.
  3530 | D:4      | 3530 ||| DRINKING 3 glowing orange potions.
  3531 | D:4      | 3531 ||| DRINKING 2 clear potions.
  3532 | D:4      | 3532 ||| READING 2 scrolls of identify.
  3532 | D:4      | 3532 ||| IDENTIFYING glowing clear potion
  3533 | D:4      | 3533 ||| DROPPING potion of berserk rage.
  3567 | D:5      | Entered Level 5 of the Dungeon
  3610 | D:5      | Identified the +1 long sword "Dragonslayer" {heavy, rF++
                  | rC- Int+5}
  3627 | D:5      | Reached XP level 7. HP: 40/40 MP: 9/9
  3629 | D:5      | 3629 ||| Stepping ~*~*~tactically~*~*~ (outnumbered).
  3633 | D:5      | Reached skill level 10 in Ranged Weapons
  4185 | D:5      | Reached * piety under Okawaru
  4186 | D:5      | Reached skill level 11 in Ranged Weapons
  4186 | D:5      | 4186 ||| INVOKING Heroism.
  4300 | D:5      | Reached skill level 1 in Invocations
  4300 | D:5      | Reached XP level 8. HP: 34/45 MP: 9/11
  4463 | D:5      | 4463 ||| UPGRADING to ring of see invisible.
  4509 | D:6      | Noticed Pikel
  4510 | D:6      | 4510 ||| STAIRDANCE
  4518 | D:6      | 4518 ||| INVOKING Heroism.
  4534 | D:6      | Killed Pikel
  4535 | D:6      | Reached skill level 12 in Ranged Weapons
  4535 | D:6      | 4535 ||| STAIRDANCE
  4622 | D:6      | Reached skill level 3 in Fighting
  4630 | D:6      | 4630 ||| READING scroll of enchant weapon.
  4630 | D:6      | 4630 ||| ENCHANTING +1 shortbow.
  4881 | D:6      | Found a faded altar of an unknown god.
  4881 | D:6      | Found a glowing silver altar of Zin.
  4889 | D:6      | Found a hazy altar of Hepliaklqana.
  4891 | D:6      | Found an opulent altar of Gozag.
  4893 | D:6      | Found a faded altar of an unknown god.
  5162 | D:6      | 5162 ||| READING scroll labelled WOKAEP SOPAOTS.
  5163 | D:6      | 5163 ||| READING 3 scrolls of identify.
  5163 | D:6      | 5163 ||| IDENTIFYING bubbling coppery potion
  5200 | D:7      | 5200 ||| STAIRDANCE
  5204 | D:6      | 5204 ||| INVOKING Heroism.
  5233 | D:7      | Reached skill level 13 in Ranged Weapons
  5234 | D:7      | 5234 ||| STAIRDANCE
  5253 | D:7      | 5253 ||| STAIRDANCE
  5290 | D:7      | 5290 ||| INVOKING Heroism.
  5331 | D:7      | Reached XP level 9. HP: 45/51 MP: 14/14
  5449 | D:7      | 5449 ||| Stepping ~*~*~tactically~*~*~ (outnumbered).
  5467 | D:7      | 5467 ||| READING scroll of enchant weapon.
  5467 | D:7      | 5467 ||| ENCHANTING +2 shortbow.
  5474 | D:7      | 5474 ||| INVOKING Heroism.
  5489 | D:7      | Reached skill level 14 in Ranged Weapons
  5546 | D:7      | 5546 ||| INVOKING Heroism.
  5598 | D:7      | Reached skill level 6 in Dodging
  5659 | D:7      | 5659 ||| INVOKING Heroism.
  5683 | D:7      | Found Nuiniv's Magic Scroll Shop.
  5685 | D:7      | Found Tozxiefa's Armour Emporium.
  5687 | D:7      | Found Bearrat's Magic Scroll Shop.
  5693 | D:7      | 5693 ||| BUYING +0 pair of boots of rampaging (161 gold).
  5693 | D:7      | Bought a +0 pair of boots of rampaging for 161 gold pieces
  5700 | D:7      | 5700 ||| SHOPLISTING scroll of brand weapon (123 gold, have
                  | 108).
  5700 | D:7      | 5700 ||| BUYING scroll of identify (26 gold).
  5700 | D:7      | Bought a scroll of identify for 26 gold pieces
  5700 | D:7      | 5700 ||| BUYING scroll of identify (26 gold).
  5700 | D:7      | Bought a scroll of identify for 26 gold pieces
  5700 | D:7      | 5700 ||| BUYING scroll of identify (26 gold).
  5700 | D:7      | Bought a scroll of identify for 26 gold pieces
  5704 | D:7      | 5704 ||| SHOPLISTING scroll of brand weapon (133 gold, have
                  | 30).
  5704 | D:7      | 5704 ||| BUYING scroll of identify (28 gold).
  5704 | D:7      | Bought a scroll of identify for 28 gold pieces
  5704 | D:7      | 5704 ||| SHOPLISTING scroll of identify (28 gold, have 2).
  5747 | D:7      | 5747 ||| INVOKING Heroism.
  5748 | D:7      | 5748 ||| Stepping ~*~*~tactically~*~*~ (outnumbered).
  5767 | D:7      | 5767 ||| Stepping ~*~*~tactically~*~*~ (outnumbered).
  5769 | D:7      | 5769 ||| Stepping ~*~*~tactically~*~*~ (outnumbered).
  5811 | D:7      | Found a flagged portal.
  5870 | D:7      | Found an ornate altar of the Wu Jian Council.
  5870 | D:7      | Found a broken altar of Ashenzari.
  6100 | D:7      | 6100 ||| UPGRADING to +0 pair of boots of rampaging.
  6105 | D:7      | 6105 ||| READING 6 scrolls of identify.
  6105 | D:7      | 6105 ||| IDENTIFYING fizzy dark potion
  6106 | D:7      | 6106 ||| DROPPING potion of attraction.
  6126 | D:8      | 6126 ||| PLANNING OSSUARY
  6153 | D:8      | 6153 ||| INVOKING Heroism.
  6154 | D:8      | 6154 ||| Stepping ~*~*~tactically~*~*~ (outnumbered).
  6243 | D:8      | 6243 ||| INVOKING Heroism.
  6278 | D:8      | Noticed Gastronok
  6279 | D:8      | 6279 ||| INVOKING Heroism.
  6298 | D:8      | Noticed Joseph
  6300 | D:8      | 6300 ||| INVOKING Heroism.
  6303 | D:8      | HP: 5/52 [Gastronok (16)]
  6304 | D:8      | 6304 ||| READING scroll of teleportation.
  6306 | D:8      | Noticed Maggie
  6322 | D:8      | 6322 ||| FLEEEEING.
  6323 | D:8      | 6323 ||| FLEEEEING.
  6343 | D:8      | 6343 ||| FLEEEEING.
  6344 | D:8      | 6344 ||| FLEEEEING.
  6345 | D:8      | 6345 ||| FLEEEEING.
  6346 | D:8      | 6346 ||| FLEEEEING.
  6411 | D:8      | 6411 ||| INVOKING Heroism.
  6420 | D:8      | Killed Gastronok
  6420 | D:8      | Reached ** piety under Okawaru
  6421 | D:8      | Reached skill level 9 in Dodging
  6421 | D:8      | Reached XP level 10. HP: 59/59 MP: 13/15
  6431 | D:8      | 6431 ||| Stepping ~*~*~tactically~*~*~ (outnumbered).
  6441 | D:8      | 6441 ||| INVOKING Heroism.
  6452 | D:8      | Killed Joseph
  6459 | D:8      | Reached *** piety under Okawaru
  6460 | D:8      | Reached skill level 3 in Armour
  6464 | D:8      | 6464 ||| INVOKING Heroism.
  6472 | D:8      | Killed Maggie
  6554 | D:8      | 6554 ||| INVOKING Heroism.
  6558 | D:8      | 6558 ||| READING 6 scrolls of identify.
  6558 | D:8      | 6558 ||| IDENTIFYING brown potion
  6574 | D:8      | 6574 ||| FLEEEEING.
  6581 | D:8      | 6581 ||| STAIRDANCE
  6595 | D:7      | 6595 ||| DROPPING potion of brilliance.
  6624 | D:8      | Found Zoroav's Weapon Shop.
  6725 | D:8      | Found an ancient bone altar of Kikubaaqudgha.
  6725 | D:8      | Found a shimmering blue altar of Sif Muna.
  6727 | D:8      | Found a radiant altar of Vehumet.
  6815 | D:8      | 6815 ||| RIP OSSUARY
  6841 | D:8      | 6841 ||| PLANNING D:1-11
  6843 | D:8      | 6843 ||| INVOKING Heroism.
  6847 | D:8      | Reached skill level 6 in Fighting
  7367 | D:9      | 7367 ||| INVOKING Heroism.
  7430 | D:9      | 7430 ||| SWAPPING to +3 orcbow.
  7431 | D:9      | 7431 ||| DROPPING +3 shortbow.
  7476 | D:9      | Found a burning altar of Makhleb.
  7476 | D:9      | Found a shimmering altar of Xom.
  7513 | D:9      | Found Nuryklamn's Distillery.
  7521 | D:9      | 7521 ||| BUYING 2 potions of heal wounds (150 gold).
  7521 | D:9      | Bought 2 potions of heal wounds for 150 gold pieces
  7521 | D:9      | 7521 ||| SHOPLISTING potion of cancellation (120 gold, have
                  | 0).
  7521 | D:9      | 7521 ||| SHOPLISTING potion of curing (45 gold, have 0).
  7521 | D:9      | 7521 ||| SHOPLISTING potion of haste (150 gold, have 0).
  7521 | D:9      | 7521 ||| SHOPLISTING potion of heal wounds (75 gold, have
                  | 0).
  7521 | D:9      | 7521 ||| SHOPLISTING potion of mutation (120 gold, have 0).
  7641 | D:9      | Noticed a two-headed ogre
  7642 | D:9      | 7642 ||| INVOKING Heroism.
  7654 | D:9      | Killed a two-headed ogre
  7698 | D:9      | Found a staircase to the Orcish Mines.
  7751 | D:9      | 7751 ||| READING scroll labelled FEMICR OPRYCLA.
  7758 | D:8      | 7758 ||| Stepping randomly (stuck).
  7875 | D:9      | Reached skill level 15 in Ranged Weapons
  7914 | D:9      | 7914 ||| READING scroll labelled BOEGGI ZAIFF.
  7914 | D:9      | Identified a scroll of acquirement
  7914 | D:9      | 7914 ||| ACQUIRING +1 orcbow of freezing
  7914 | D:9      | Acquired a +1 orcbow of freezing
  7916 | D:9      | 7916 ||| SWAPPING to +1 orcbow of freezing.
  7917 | D:9      | 7917 ||| DROPPING +3 orcbow.
  7968 | D:10     | Entered Level 10 of the Dungeon
  7991 | D:10     | Found a hide-covered altar of Uskayaw.
  8047 | D:10     | Reached XP level 11. HP: 48/66 MP: 16/16
  8051 | D:10     | 8051 ||| INVOKING Heroism.
  8103 | D:10     | Noticed Fannar
  8106 | D:10     | 8106 ||| FLEEEEING.
  8107 | D:10     | 8107 ||| FLEEEEING.
  8108 | D:10     | 8108 ||| FLEEEEING.
  8109 | D:10     | 8109 ||| FLEEEEING.
  8110 | D:10     | 8110 ||| FLEEEEING.
  8111 | D:10     | 8111 ||| FLEEEEING.
  8112 | D:10     | 8112 ||| FLEEEEING.
  8113 | D:10     | 8113 ||| FLEEEEING.
  8115 | D:10     | 8115 ||| FLEEEEING.
  8119 | D:10     | 8119 ||| FLEEEEING.
  8120 | D:10     | 8120 ||| FLEEEEING.
  8134 | D:10     | 8134 ||| INVOKING Heroism.
  8144 | D:10     | Killed Fannar
  8144 | D:10     | Reached **** piety under Okawaru
  8145 | D:10     | Reached skill level 16 in Ranged Weapons
  8219 | D:10     | Found a staircase to the Lair.
  8238 | D:10     | Noticed a two-headed ogre
  8239 | D:10     | 8239 ||| INVOKING Heroism.
  8245 | D:10     | Killed a two-headed ogre
  8418 | D:10     | 8418 ||| INVOKING Heroism.
  8584 | D:10     | Noticed a centaur warrior
  8584 | D:10     | Noticed a tengu warrior
  8584 | D:10     | Noticed a deep elf pyromancer
  8586 | D:10     | 8586 ||| Stepping ~*~*~tactically~*~*~ (outnumbered).
  8587 | D:10     | 8587 ||| READING 2 scrolls labelled VEYWKY MITH.
  8588 | D:10     | 8588 ||| Stepping ~*~*~tactically~*~*~ (outnumbered).
  8589 | D:10     | 8589 ||| Stepping ~*~*~tactically~*~*~ (outnumbered).
  8593 | D:10     | Killed a deep elf pyromancer
  8598 | D:10     | 8598 ||| INVOKING Heroism.
  8602 | D:10     | HP: 11/67 [tengu warrior/+0 halberd (11)]
  8603 | D:10     | 8603 ||| READING scroll of teleportation.
  8604 | D:10     | 8604 ||| DRINKING 2 potions of heal wounds.
  8642 | D:10     | 8642 ||| READING scroll of enchant armour.
  8642 | D:10     | 8642 ||| ENCHANTING +1 pair of gloves.
  8747 | D:10     | 8747 ||| INVOKING Heroism.
  8750 | D:10     | 8750 ||| READING 10 scrolls of identify.
  8750 | D:10     | 8750 ||| IDENTIFYING grey potion
  8773 | D:10     | Killed a tengu warrior
  8813 | D:10     | 8813 ||| INVOKING Heroism.
  8825 | D:10     | Reached skill level 6 in Invocations
  8871 | D:10     | 8871 ||| INVOKING Heroism.
  8873 | D:10     | Killed a centaur warrior
  8963 | D:10     | 8963 ||| INVOKING Heroism.
  9023 | D:10     | Noticed a boulder beetle
  9024 | D:10     | 9024 ||| INVOKING Heroism.
  9034 | D:10     | Killed a boulder beetle
  9231 | D:10     | Noticed Lodul
  9232 | D:10     | 9232 ||| INVOKING Heroism.
  9252 | D:10     | Killed Lodul
  9252 | D:10     | Reached ***** piety under Okawaru
  9272 | D:10     | 9272 ||| PLANNING LAIR
  9307 | Lair:1   | Entered Level 1 of the Lair of Beasts
  9308 | Lair:1   | 9308 ||| INVOKING Heroism.
  9376 | Lair:1   | 9376 ||| FLEEEEING.
  9377 | Lair:1   | 9377 ||| FLEEEEING.
  9379 | Lair:1   | 9379 ||| FLEEEEING.
  9381 | Lair:1   | 9381 ||| INVOKING Heroism.
  9417 | Lair:1   | Found a snail-covered altar of Cheibriados.
  9418 | Lair:1   | 9418 ||| INVOKING Heroism.
  9429 | Lair:1   | Reached XP level 12. HP: 57/72 MP: 20/20
  9569 | Lair:1   | 9569 ||| INVOKING Heroism.
  9808 | Lair:1   | 9808 ||| FLEEEEING.
  9810 | Lair:1   | 9810 ||| INVOKING Heroism.
  9819 | Lair:1   | 9819 ||| INVOKING Heroism.
  9821 | Lair:1   | Reached skill level 9 in Invocations
  9876 | Lair:1   | 9876 ||| INVOKING Heroism.
 10094 | Lair:1   | 10094 ||| INVOKING Heroism.
 10112 | Lair:1   | Reached skill level 12 in Dodging
 10302 | Lair:1   | Noticed Nergalle
 10303 | Lair:1   | 10303 ||| INVOKING Heroism.
 10312 | Lair:1   | Killed Nergalle
 10393 | Lair:1   | 10393 ||| READING 10 scrolls of identify.
 10393 | Lair:1   | 10393 ||| IDENTIFYING fuming puce potion
 10394 | Lair:1   | 10394 ||| DROPPING potion of degeneration.
 10426 | Lair:2   | 10426 ||| STAIRDANCE
 10432 | Lair:1   | 10432 ||| INVOKING Heroism.
 10533 | Lair:2   | 10533 ||| FLEEEEING.
 10534 | Lair:2   | 10534 ||| FLEEEEING.
 10562 | Lair:2   | You fall into a shaft and drop 2 floors!
 10610 | Lair:2   | Found an ornate altar of the Wu Jian Council.
 10629 | Lair:2   | Reached skill level 9 in Fighting
 10643 | Lair:2   | 10643 ||| INVOKING Heroism.
 10647 | Lair:2   | HP: 16/76 [culicivora (8)]
 10648 | Lair:2   | 10648 ||| READING scroll of teleportation.
 10649 | Lair:2   | 10649 ||| DRINKING potion of heal wounds.
 10726 | Lair:2   | 10726 ||| INVOKING Heroism.
 10776 | Lair:2   | 10776 ||| INVOKING Heroism.
 10839 | Lair:2   | 10839 ||| INVOKING Heroism.
 10913 | Lair:2   | Identified the +3 buckler of the Dice {Int+4 Dex-2}
                  | (Okawaru gifted it to you on level 2 of the Lair of Beasts)
 10913 | Lair:2   | Received a gift from Okawaru
 11009 | Lair:2   | Found a hole to the Spider Nest.
 11061 | Lair:2   | 11061 ||| READING scroll of enchant armour.
 11061 | Lair:2   | 11061 ||| ENCHANTING +1 helmet.
 11079 | Lair:2   | 11079 ||| INVOKING Heroism.
 11115 | Lair:2   | Found a staircase to the Swamp.
 11194 | Lair:2   | Noticed a catoblepas
 11195 | Lair:2   | 11195 ||| INVOKING Heroism.
 11207 | Lair:2   | 11207 ||| INVOKING Finesse.
 11220 | Lair:2   | Killed a catoblepas
 11221 | Lair:2   | Reached XP level 13. HP: 80/80 MP: 17/22
 11326 | Lair:2   | 11326 ||| INVOKING Heroism.
 11552 | Lair:3   | 11552 ||| INVOKING Heroism.
 11623 | Lair:3   | 11623 ||| INVOKING Heroism.
 11698 | Lair:3   | 11698 ||| INVOKING Heroism.
 11808 | Lair:3   | 11808 ||| INVOKING Heroism.
 11951 | Lair:3   | 11951 ||| INVOKING Heroism.
 11993 | Lair:3   | HP: 16/82 [komodo dragon (14)]
 11994 | Lair:3   | Slain by a komodo dragon

Levels and vault maps discovered:
D:1:      eino_arrival_water_cross, layout_loops_ring,
          nicolae_kite_square_tiling_tiny, minmay_distorted
D:2:      layout_basic, basic_altar
D:3:      layout_basic, nicolae_elyvilon_peaceful_grove
D:4:      layout_loops_ring, minmay_temple_entry_nine_rooms, serial_shops, shop,
          shop, shop, nicolae_shop_advertising_works
          [nicolae_subvault_shop_adworks], roderic_filled_cross
D:5:      layout_basic
D:6:      layout_basic, chequers_temple_overflow_minitemple, uniq_pikel
D:7:      layout_loops_ring, amethyst_overflow_temple_binary, enter_bailey_3,
          nicolae_wooded_promenade
D:8:      layout_cave_pools, grunt_temple_overflow_magic_moments, serial_ice,
          serial_ice_k, serial_ice_h, serial_ice_o, serial_ice_f,
          enter_ossuary_5, nicolae_take_the_stairs, uniq_maggie, uniq_joseph,
          uniq_gastronok
D:9:      layout_roguey, grunt_temple_overflow_champion_of_chaos, orc_0_dummy,
          serial_shops, nicolae_shop_rolling_square, minmay_crystal_room
D:10:     layout_basic, mainiacjoe_overflow_paths, dpeg_oklobed_lair,
          minmay_shattered_shrine, uniq_fannar, uniq_lodul
Temple:   hellmonk_temple_flake
Lair:1:   layout_cave_pods, chequers_serial_rivers_micro_e,
          kennysheep_snail_temple, uniq_nergalle
Lair:2:   gammafunk_indiana_jones, layout_gridlike, minmay_swamp_entry_worms,
          hellmonk_spider_entry_life_and_decay, basic_altar,
          beast_lair_carwin_2, infiniplex_staircase_pool, grunt_megastairs_4
Lair:3:   nzn_winding_woodlands_cross [nzn_winding_woodlands_5x15_split_checker,
          nzn_winding_woodlands_5x15_pool, nzn_winding_woodlands_5x15_garden,
          nzn_winding_woodlands_5x15_concentric,
          nzn_winding_woodlands_15x15_five_gardens], layout_misc_corridors,
          minmay_stone_trees_large, beast_lair_carwin_7
Lair:4:   layout_small_grid, serial_bayou_shore_b

Skill      XL: |  1  2  3  4  5  6  7  8  9 10 11 12 13 |
---------------+----------------------------------------+-----
Ranged Weapons | 6 7 9 11 13 14 15 16 | 16.2
Dodging        | 3 4 5 9 10 11 13 14 | 14.9
Fighting       | 2 3 5 6 7 9 10 | 10.0
Armour         | 1 2 3 4 5 |  5.0
Invocations    | 1 4 8 10 | 10.0
Stealth        | |  1.2

Action                     |  1- 3 |  4- 6 |  7- 9 | 10-12 | 13-15 || total
---------------------------+-------+-------+-------+-------+-------++-------
   Fire: Shortbow          |   123 |   102 |   455 |   128 |       ||   808
         Orcbow            |       |       |       |   654 |   196 ||   850
 Invoke: Heroism           |       |       |    13 |    33 |     6 ||    52
         Finesse           |       |       |       |     1 |       ||     1
    Use: Scroll            |     5 |     3 |     6 |    10 |       ||    24
         Potion            |       |     5 |       |     2 |       ||     7
 Armour: Leather armour    |     4 |     2 |       |       |       ||     6
         Ring mail         |       |    12 |    83 |   119 |    24 ||   238
  Dodge: Dodged            |    16 |    22 |   116 |   337 |   100 ||   591

Table legend:
 A = Non-vault XP
 B = Vault XP
 C = Vault XP percentage of total XP
 D = Non-vault monster count
 E = Vault monster count
 F = Vault count percentage of total count
                 A         B        C        D         E       F
            +---------+---------+-------+---------+---------+-------
      Total |   27640 |   22581 |  45.0 |     255 |      77 |  23.2
            +---------+---------+-------+---------+---------+-------
        D:1 |      49 |       2 |   3.9 |      29 |       1 |   3.3
        D:2 |      43 |       0 |   0.0 |      17 |       0 |   0.0
        D:3 |      30 |       0 |   0.0 |      18 |       0 |   0.0
        D:4 |     555 |       0 |   0.0 |      12 |       0 |   0.0
        D:5 |     751 |       0 |   0.0 |      23 |       0 |   0.0
        D:6 |     411 |     697 |  62.9 |       7 |       1 |  12.5
        D:7 |    1451 |       8 |   0.5 |      33 |       4 |  10.8
        D:8 |    1537 |    2461 |  61.6 |      23 |      11 |  32.4
        D:9 |    2489 |      48 |   1.9 |      12 |       1 |   7.7
       D:10 |    3365 |    6274 |  65.1 |      11 |      17 |  60.7
     Lair:1 |    5913 |    2947 |  33.3 |      29 |       6 |  17.1
     Lair:2 |    6197 |    3036 |  32.9 |      22 |      15 |  40.5
     Lair:3 |    4219 |    7108 |  62.8 |      16 |      21 |  56.8
     Lair:4 |     630 |       0 |   0.0 |       3 |       0 |   0.0
            +---------+---------+-------+---------+---------+-------
